 Dungeon Crawl Stone Soup version 0.28-a0-1190-g77e1c55843 (webtiles) character file.

Game seed: 269100973817491791

6 chunkyMonkey the Insei (level 1, -3/10 HPs)
             Began as a Vine Stalker Transmuter on Dec 18, 2021.
             Slain by a gnoll (5 damage)
             ... on level 1 of the Dungeon.
             The game lasted 00:00:51 (393 turns).

chunkyMonkey the Insei (Vine Stalker Transmuter)     Turns: 393, Time: 00:00:52

Health: -3/10      AC:  2    Str: 12    XL:     1   Next: 90%
Magic:  0/4        EV: 12    Int: 13    God:
Gold:   13         SH:  0    Dex: 14    Spells: 3/4 levels left

rFire   . . .      SeeInvis .     - Unarmed
rCold   . . .      Faith    .   (no shield)
rNeg    . . .      Spirit   +   a - +0 robe
rPois   .          Reflect  .   (helmet currently unavailable)
rElec   .          Harm     .   (no cloak)
rCorr   .          Rampage  .   (no gloves)
Will    .....                   (boots currently unavailable)
Stlth   +.........              (no amulet)
HPRegen 0.03/turn               (no ring)
MPRegen 0.09/turn               (no ring)

@: appendages
A: horns 2, talons 2, fangs 2, magic shield, antimagic bite, no potion heal 2
a: End Transformation


You were on level 1 of the Dungeon.
You had temporarily grown beastly horns and talons.
You visited 1 branch of the dungeon, and saw 1 of its levels.

You collected 13 gold pieces.

Inventory:

Armour
 a - a +0 robe (worn)


   Skills:
 * Level 1.0 Fighting
 + Level 0.1 Armour
 + Level 1.6 Dodging
 + Level 0.4 Stealth
 + Level 3.0 Unarmed Combat
 * Level 2.3 Spellcasting
 + Level 2.0 Transmutations


You had 3 spell levels left.
You knew the following spells:

 Your Spells              Type           Power      Damage    Failure   Level
a - Beastly Appendage     Tmut           12%        N/A       11%         1

Your spell library contained the following spells:

 Spells                   Type           Power      Damage    Failure   Level
 Wereblood                Tmut           6%         N/A       16%         2
 Spider Form              Tmut/Pois      4%         N/A       43%         3
 Ice Form                 Ice/Tmut       4%         N/A       85%         4


Dungeon Overview and Level Annotations

Branches:
Dungeon (1/15)

Altars:


Innate Abilities, Weirdness & Mutations

You have temporarily grown beastly horns and talons.
You have extremely sharp teeth.
When hurt, damage is shared between your health and your magic reserves.
Your bite disrupts and absorbs the magic of your enemies.
Potions cannot restore your health.


Message History

A goblin comes into view. It is wielding a +0 dagger.
The goblin shouts!
A goblin is nearby!
Casting: Beastly Appendage (safe; 11% risk of failure)
Confirm with . or Enter, or press ? or * to list all spells.
You grow a pair of large bovine horns.
Your feet morph into talons.
You hit the goblin.
You kill the goblin!
You see here a +0 dagger.
Your transformation is almost over.
An endoplasm comes into view.
An endoplasm is nearby!
Casting: Beastly Appendage (safe; 11% risk of failure)
Confirm with . or Enter, or press ? or * to list all spells.
You extend your transformation's duration.
The endoplasm quivers.
The endoplasm freezes you.
You are frozen.
You hit the endoplasm. You claw the endoplasm.
You kill the endoplasm!
Your transformation is almost over.
Your horns disappear.
Your talons disappear.
A gnoll comes into view. It is wielding a +0 spear.
A gnoll is nearby!
Casting: Beastly Appendage (safe; 11% risk of failure)
Confirm with . or Enter, or press ? or * to list all spells.
You grow a pair of large bovine horns.
Your feet morph into talons.
You see here a +0 dagger.
Casting: Beastly Appendage (safe; 11% risk of failure)
Confirm with . or Enter, or press ? or * to list all spells.
You extend your transformation's duration.
Casting: Beastly Appendage (safe; 11% risk of failure)
Confirm with . or Enter, or press ? or * to list all spells.
You fail to extend your transformation any further.
The gnoll hits you with a +0 spear!
Ouch! That really hurt!
* * * LOW HITPOINT WARNING * * *
The gnoll hits you from afar with a +0 spear.
Ouch! That really hurt!
You die...

.......#..........#
.#..###...#####.###
.#.##.##..# #.#
..........## #.#
###.###....## #.# #
#..##.###.###.#
##....## ##..#.###
##.....##
##..)..#####.P.
#.......#
#...@.g.......
##.....##
##....##.....P.
##....## ##..#.##
.###...
##.##.###...#.# .#
. #. ##...####.# .#
#. ##### #+# .# #.
.# ..


You could see a gnoll.

Vanquished Creatures
  2 endoplasms (D:1)
  A goblin (D:1)
  A hobgoblin (D:1)
  A rat (D:1)
5 creatures vanquished.

Notes
Turn   | Place    | Note
-------+----------+-------------------------------------------
     0 | D:1      | chunkyMonkey the Vine Stalker Transmuter began the quest
                  | for the Orb.
     0 | D:1      | Reached XP level 1. HP: 9/9 MP: 4/4
    13 | D:1      | Found a faded altar of an unknown god.
   264 | D:1      | Reached skill level 1 in Fighting
   393 | D:1      | Slain by a gnoll

Illustrated notes

Levels and vault maps discovered:
D:1:      shiori_arrival_maze, layout_loops_corners,
          hellmonk_ecumenical_altar_blasted, nicolae_grassy_gnolls

Skill      XL: |  1 |
---------------+----+-----
Fighting       | 1 |  1.0
Armour         | |  0.1
Dodging        | |  1.6
Stealth        | |  0.4
Unarmed Combat | |  3.0
Spellcasting   | |  2.3
Transmutations | |  2.0

Action                   || total
-------------------------++-------
Melee: Unarmed           ||     6
       Kick              ||     2
 Cast: Beastly Appendage ||     7
Dodge: Dodged            ||     1

Table legend: (Time is in decaauts)
 A = Elapsed time spent in this place.
 B = Non-inter-level travel time spent in this place.
 C = Inter-level travel time spent in this place.
 D = Time resting spent in this place.
 E = Time spent auto-exploring this place.
 F = Levels seen in this place.
 G = Mean time per level.
                   A        B        C        D        E       F      G
               +--------+--------+--------+--------+--------+-----+--------+
         Total |    392 |    392 |      0 |    212 |    132 |   1 |  392.0 |
       Dungeon |    392 |    392 |      0 |    212 |    132 |   1 |  392.0 |
               +--------+--------+--------+--------+--------+-----+--------+

Top non-repeatable levels by time:
     D:1: 392 daAuts
